 Dungeon Crawl Stone Soup version 0.22-a0-533-g4d20840 (webtiles) character file.

5420 kae the Carver (level 10, -7/90 HPs)
             Began as a Minotaur Fighter on June 22, 2018.
             Was a Believer of Qazlal.
             Mangled by a freezing wraith (9 damage)
             ... on level 9 of the Dungeon.
             The game lasted 00:05:26 (7726 turns).

kae the Carver (Minotaur Fighter)                   Turns: 7726, Time: 00:05:26

Health: -7/90      AC: 11    Str: 21    XL:     10   Next: 40%
Magic:  13/13      EV: 13    Int:  6    God:    Qazlal [**....]
Gold:   402        SH:  8    Dex: 12    Spells: 9/9 levels left

rFire    . . .     SeeInvis .   a - +1 long sword
rCold    . . .     Gourm    .   u - +0 buckler
rNeg     . . .     Faith    .   b - +0 scale mail
rPois    +         Spirit   .   (helmet restricted)
rElec    .         Reflect  .   q - +0 cloak
rCorr    +         Harm     .   C - +0 pair of gloves
MR       .....                  (no boots)
Stlth    ..........             (no amulet)
HPRegen  0.25/turn              y - ring of resist corrosion
MPRegen  0.13/turn              w - ring of poison resistance

@: slowed, very slow
A: retaliatory headbutt, horns 2
a: Upheaval, Renounce Religion


You were on level 9 of the Dungeon.
You worshipped Qazlal.
Qazlal was pleased with you.
You were not hungry.

You visited 2 branches of the dungeon, and saw 10 of its levels.

You collected 494 gold pieces.
You spent 92 gold pieces at shops.

Inventory:

Hand Weapons
 a - a +1 long sword (weapon)
Armour
 b - a +0 scale mail (worn)
 c - a +0 shield
 q - a +0 cloak (worn)
 u - a +0 buckler (worn)
 C - a +0 pair of gloves (worn)
Jewellery
 o - an uncursed ring of resist corrosion
 p - an uncursed ring of ice
 w - a ring of poison resistance (right hand)
 y - a ring of resist corrosion (left hand)
 B - a cursed ring of teleportation {unknown}
 E - an uncursed ring of see invisible {unknown}
 K - a +2 amulet of reflection {unknown}
Wands
 m - a wand of flame (20)
 r - a wand of acid (6)
 D - a wand of disintegration (11)
 H - a wand of iceblast (13)
Scrolls
 g - a scroll of enchant weapon
 h - a scroll of blinking
 i - 4 scrolls of magic mapping
 j - 6 scrolls of remove curse
 l - 8 scrolls of teleportation
 x - 2 scrolls of fog
 F - a scroll of holy word
 J - a scroll of acquirement {unknown}
 M - a scroll of immolation {unknown}
Potions
 d - 4 potions of might
 e - 5 potions of curing
 k - 4 potions of heal wounds
 n - 2 potions of degeneration {unknown}
 s - a potion of cancellation {unknown}
 t - a potion of agility {unknown}
 v - 2 potions of berserk rage {unknown}
 z - 3 potions of mutation {unknown}
 A - 4 potions of lignification {unknown}
 G - a potion of magic {unknown}
 I - 2 potions of flight {unknown}
 L - 2 potions of brilliance {unknown}
 O - 2 potions of ambrosia {unknown}
Comestibles
 f - 14 rations
 N - 3 chunks of flesh


   Skills:
 + Level 8.5 Fighting
 * Level 11.0 Long Blades
 + Level 8.5 Armour
 + Level 6.9 Dodging
 - Level 4.0 Shields
 + Level 5.7 Invocations


You had 9 spell levels left.
You didn't know any spells.
Your spell library contained the following spells:

 Spells                   Type           Power        Failure   Level  Hunger
 Magic Dart               Conj           #...         75%         1    ##.....
 Summon Small Mammal      Summ           #...         75%         1    ##.....
 Iskenderun's Mystic Bla  Conj           #.......     100%        4    #####..
 Summon Ice Beast         Ice/Summ       #.......     100%        4    #####..
 Call Imp                 Summ           #.......     87%         2    ###....
 Call Canine Familiar     Summ           #.......     98%         3    ####...
 Fulminant Prism          Conj/Hex       #.........   100%        4    #####..
 Dazzling Spray           Conj/Hex       #.....       98%         3    ####...
 Force Lance              Conj/Tloc      #.......     100%        4    #####..
 Searing Ray              Conj           #.....       87%         2    ###....
 Summon Lightning Spire   Summ/Air       #.......     100%        4    #####..
 Summon Guardian Golem    Hex/Summ       #.......     98%         3    ####...


Dungeon Overview and Level Annotations

Branches:
Dungeon (9/15)             Temple (1/1) D:4
   Lair: D:8-11         Orc: D:9-12

Altars:
Ashenzari
Cheibriados
Dithmenos
Elyvilon
Fedhas
Gozag
Hepliaklqana
Kikubaaqudgha
Makhleb
Nemelex Xobeh
Okawaru
Qazlal
Ru
Trog
Uskayaw
Vehumet
Xom
Yredelemnul
Zin
The Shining One

Shops:
D:7 *   D:8 *


Innate Abilities, Weirdness & Mutations

You reflexively headbutt those who attack you in melee.
You have a pair of horns on your head.


Message History

You headbutt the freezing wraith, but do no damage.
You riposte.
You hit the freezing wraith.
The freezing wraith is severely damaged.
You block the freezing wraith's attack.
You completely miss the freezing wraith.
Your headbutt misses the freezing wraith.
The freezing wraith is severely damaged.
The freezing wraith hits you but does no damage.
The freezing wraith hits you!
* * * LOW HITPOINT WARNING * * *
The freezing wraith drains your vigour!
You feel yourself slow down.
You barely miss the freezing wraith.
The freezing wraith is severely damaged.
The freezing wraith hits you but does no damage.
The freezing wraith hits you!
* * * LOW HITPOINT WARNING * * *
You barely miss the freezing wraith.
The freezing wraith is severely damaged.
The freezing wraith hits you!
You die...

# ...........##.# #
#..##......##.#
###+##..######..##.#
#.......# #..##.#
#.......# #..##.#
###.###.......##
#..##.#
......)........#
#.###.#
#########.###..# #.#
#.. #@# #..# #.# ###
.....'W.# #..# #.#
.....#### ##.## #.#
.... #..# #.# ... ..
##.## #.# .. ...
#..# #.# .
....###..# #.#
.........# #.#
####.....# #.#


You could see a freezing wraith.

Vanquished Creatures
  A two-headed ogre (D:8)
  Pikel (D:7)
  Grinder (D:6)
  A hornet (D:7)
  A hippogriff (D:9)
  A spriggan (D:7)
  A wraith (D:8)
  A vampire mosquito (D:8)
  Duvessa (D:6)
  An orc warrior (D:9)
  A sky beast (D:5)
  An ice beast (D:8)
  A phantom (D:5)
  3 centaurs
  4 ogres
  Blork the orc (D:5)
  8 bullfrogs
  A gnoll sergeant (D:8)
  Dowan (D:6)
  A scorpion (D:5)
  4 killer bees (D:7)
  A howler monkey (D:4)
  3 crimson imps
  A centaur zombie (D:5)
  A bullfrog zombie (D:5)
  4 hounds
  2 jellies
  Crazy Yiuf (D:2)
  3 orc priests
  A centaur skeleton (D:8)
  Terence (D:3)
  7 orc wizards
  8 worker ants
  9 adders
  17 gnolls
  2 shadow imps
  An ooze (D:5)
  2 adder skeletons (D:7)
  5 worms
  4 dart slugs
  7 leopard geckos
  21 orcs
  A ball python (D:1)
  6 bats
  6 giant cockroaches
  4 goblins
  5 hobgoblins
  2 jackals (D:2)
  9 kobolds
  2 quokkas
  3 frilled lizards
  2 gnoll zombies (D:4)
  A jackal skeleton (D:5)
  A leopard gecko zombie (D:5)
  A quokka skeleton (D:4)
  6 rats
186 creatures vanquished.

Notes
Turn   | Place    | Note
-------+----------+-------------------------------------------
     0 | D:1      | kae the Minotaur Fighter began the quest for the Orb.
     0 | D:1      | Reached XP level 1. HP: 19/19 MP: 0/0
   379 | D:1      | Reached XP level 2. HP: 25/27 MP: 1/1
   574 | D:1      | Reached skill level 3 in Long Blades
   770 | D:2      | Found a runed door.
   826 | D:2      | Reached skill level 1 in Dodging
   880 | D:2      | Reached XP level 3. HP: 30/33 MP: 2/2
  1688 | D:2      | Noticed Crazy Yiuf
  1692 | D:2      | Killed Crazy Yiuf
  1692 | D:2      | Reached skill level 4 in Long Blades
  1692 | D:2      | Reached XP level 4. HP: 40/40 MP: 3/3
  1795 | D:3      | Noticed Terence
  1804 | D:3      | Killed Terence
  2042 | D:3      | Reached XP level 5. HP: 43/47 MP: 4/4
  2061 | D:3      | Found an opulent altar of Gozag.
  2500 | D:4      | Found a staircase to the Ecumenical Temple.
  2511 | Temple   | Entered the Ecumenical Temple
  2573 | Temple   | Became a worshipper of Qazlal Stormbringer
  2736 | D:4      | Noticed an ogre
  2740 | D:4      | Killed an ogre
  2740 | D:4      | Reached skill level 5 in Long Blades
  2740 | D:4      | Reached XP level 6. HP: 50/53 MP: 5/5
  2813 | D:4      | Reached skill level 1 in Invocations
  2974 | D:4      | Found a basalt altar of Yredelemnul.
  3341 | D:5      | Entered Level 5 of the Dungeon
  3341 | D:5      | Found a shattered altar of Ashenzari.
  3341 | D:5      | Found a shimmering altar of Xom.
  3354 | D:5      | Reached skill level 5 in Fighting
  3354 | D:5      | Reached skill level 5 in Armour
  3366 | D:5      | Reached XP level 7. HP: 36/61 MP: 7/7
  3429 | D:5      | Noticed Blork the orc
  3443 | D:5      | Killed Blork the orc
  3443 | D:5      | Reached skill level 6 in Long Blades
  3780 | D:5      | Found a radiant altar of Vehumet.
  3785 | D:5      | Found a burning altar of Makhleb.
  3952 | D:5      | Reached * piety under Qazlal
  3952 | D:5      | Reached skill level 7 in Long Blades
  3952 | D:5      | Reached XP level 8. HP: 65/70 MP: 7/9
  4286 | D:6      | Found a glowing golden altar of the Shining One.
  4500 | D:6      | Noticed Dowan
  4502 | D:6      | Noticed Duvessa
  4507 | D:6      | Killed Dowan
  4517 | D:6      | Killed Duvessa
  4761 | D:6      | Reached skill level 8 in Long Blades
  5111 | D:6      | Noticed Grinder
  5113 | D:6      | Paralysed by Grinder for 4 turns
  5120 | D:6      | Paralysed by Grinder for 7 turns
  5130 | D:6      | Killed Grinder
  5130 | D:6      | Reached skill level 5 in Dodging
  5692 | D:7      | Reached XP level 9. HP: 46/78 MP: 9/11
  5871 | D:7      | Found Huodwuz's General Store.
  5878 | D:7      | Reached ** piety under Qazlal
  5878 | D:7      | Reached skill level 9 in Long Blades
  6092 | D:8      | Found Qiasytza's Assorted Antiques.
  6095 | D:8      | Bought a scroll labeled DIX QI MEL for 32 gold pieces
  6095 | D:8      | Bought a scroll labeled DIX QI MEL for 32 gold pieces
  6095 | D:8      | Bought a smoky purple potion for 28 gold pieces
  6390 | D:7      | Noticed Pikel
  6407 | D:7      | Killed Pikel
  6407 | D:7      | Reached skill level 10 in Long Blades
  6407 | D:7      | Reached skill level 5 in Invocations
  6853 | D:8      | Noticed a two-headed ogre
  6866 | D:8      | Killed a two-headed ogre
  6866 | D:8      | Reached XP level 10. HP: 79/88 MP: 4/13
  7120 | D:8      | Found an opulent altar of Gozag.
  7120 | D:8      | Found a glowing silver altar of Zin.
  7212 | D:8      | Found an ancient bone altar of Kikubaaqudgha.
  7215 | D:8      | Found a blossoming altar of Fedhas.
  7509 | D:9      | Reached skill level 11 in Long Blades
  7725 | D:9      | HP: 1/90 [freezing wraith (8)]
  7726 | D:9      | Mangled by a freezing wraith

Vault maps used:
D:1:      nzn_arrival_settlement
D:2:      uniq_crazy_yiuf_cottage
D:3:      minivault_5, grunt_gozag_statues, uniq_terence
D:4:      lemuel_zombie_altar_yredelemnul, temple_pool_b
D:5:      grunt_temple_overflow_lords_of_destruction,
          chequers_temple_overflow_statue_of_worship, first_ration,
          kennysheep_doodads, uniq_blork_the_orc
D:6:      nicolae_tso_carved_into_rock, uniq_duvessa, uniq_grinder
D:7:      serial_shops, shop_coins, the_bakery, uniq_pikel
D:8:      minmay_bloctagon_deflated, grunt_temple_overflow_growth_and_decay,
          grunt_temple_overflow_gold_and_silver, serial_shops,
          kennysheep_mini_moat
D:9:      gammafunk_temple_overflow_statue
Temple:   zaba_magenta_temple

Skill      XL: |  1  2  3  4  5  6  7  8  9 10 |
---------------+-------------------------------+-----
Long Blades    | 3 4 5 7 8 10 11 | 11.0
Dodging        | 1 2 3 4 5 6 |  6.9
Fighting       | 4 5 6 8 |  8.5
Armour         | 4 5 6 8 |  8.5
Shields        | 4 |  4.0
Invocations    | 1 2 4 5 |  5.7

Action                   |  1- 3 |  4- 6 |  7- 9 | 10-12 || total
-------------------------+-------+-------+-------+-------++-------
Melee: Long sword        |   110 |   110 |   278 |    77 ||   575
       Headbutt          |    18 |    19 |    55 |    15 ||   107
Invok: Upheaval          |       |       |     4 |     1 ||     5
  Use: Scroll            |       |     8 |     2 |     1 ||    11
  Eat: Chunk             |     2 |     4 |    13 |     3 ||    22
Armor: Scale mail        |    40 |    48 |    83 |    27 ||   198
Dodge: Dodged            |    29 |    49 |   144 |    29 ||   251
Block: Shield            |    52 |    29 |       |       ||    81
       Buckler           |       |    12 |    77 |    29 ||   118
       Rpst.: Long sword |     4 |    15 |    37 |    11 ||    67

Table legend:
 A = Spawn XP
 B = Non-spawn XP
 C = Spawn XP percentage of total XP
 D = Spawn monster count
 E = Non-spawn monster count
 F = Spawn count percentage of total count
 G = Total turns spent on level
                    A         B        C        D         E        F      G
               +---------+---------+-------+---------+---------+-------+---------
         Total |       0 |    7743 |   0.0 |       0 |     186 |   0.0 |  7726
               +---------+---------+-------+---------+---------+-------+---------
           D:1 |       0 |      21 |   0.0 |       0 |      12 |   0.0 |   728
           D:2 |       0 |     113 |   0.0 |       0 |      25 |   0.0 |   996
           D:3 |       0 |     106 |   0.0 |       0 |      20 |   0.0 |   652
           D:4 |       0 |     260 |   0.0 |       0 |      14 |   0.0 |  1143
           D:5 |       0 |    1075 |   0.0 |       0 |      25 |   0.0 |   699
           D:6 |       0 |    1116 |   0.0 |       0 |      20 |   0.0 |  1256
           D:7 |       0 |    2171 |   0.0 |       0 |      25 |   0.0 |   822
           D:8 |       0 |    1933 |   0.0 |       0 |      22 |   0.0 |   911
           D:9 |       0 |     948 |   0.0 |       0 |      23 |   0.0 |   441
               +---------+---------+-------+---------+---------+-------+---------
